 Dungeon Crawl Stone Soup version 0.24.0-13-gcf9b3192b9 (webtiles) character file.

Game seed: 17371937606617211346, levelgen mode: deterministic

7327 Esekla the Magician (level 10, -2/84 HPs)
             Began as a Deep Dwarf Wizard on Nov 7, 2019.
             Was a Believer of Elyvilon.
             Killed from afar by a gargoyle (24 damage)
             ... with a stone arrow
             ... on level 12 of the Dungeon on Nov 8, 2019.
             The game lasted 02:33:01 (11137 turns).

Esekla the Magician (Deep Dwarf Wizard)            Turns: 11137, Time: 02:33:02

Health: -2/84      AC:  5    Str: 10    XL:     10   Next: 90%
Magic:  1/20       EV: 14    Int: 23    God:    Elyvilon [**....]
Gold:   497        SH:  0    Dex: 13    Spells: 9/22 levels left

rFire    + . .     SeeInvis .   t - +2 trident (freeze)
rCold    . . .     Gourm    .   (no shield)
rNeg     . . .     Faith    .   a - +0 robe
rPois    .         Spirit   .   w - +1 helmet
rElec    .         Reflect  .   (no cloak)
rCorr    .         Harm     .   (no gloves)
MR       ++...                  l - +0 pair of boots of the Boiling Point {MR+ Dex+2}
Stlth    +++.......             (no amulet)
HPRegen  0.00/turn              n - ring of protection from fire
MPRegen  0.17/turn              (no ring)

@: non-regenerating
A: damage resistance, heal wounds, sense surroundings 2, no regeneration
a: Heal Wounds, Lesser Healing, Heal Other, Divine Protection, Renounce Religion


You were on level 12 of the Dungeon.
You worshipped Elyvilon.
Elyvilon was pleased with you.
You were very hungry.

You visited 3 branches of the dungeon, and saw 14 of its levels.

You collected 497 gold pieces.

Inventory:

Hand Weapons
 b - a +2 scimitar
 h - a +1 long sword of holy wrath
 p - a +1 battleaxe of freezing
 q - the +1 quick blade of the Feather {holy, +Rage rF+++ MP+9 Dex-3}
   (You acquired it on level 8 of the Dungeon)

   It has been blessed by the Shining One to cause great damage to the undead
   and demons.
   It affects your dexterity (-3).
   It renders you almost immune to fire.
   It affects your magic capacity (+9).
   It lets you go berserk.
 t - a +2 trident of freezing (weapon)
 v - a +1 dagger of venom
 z - a +2 hunting sling of freezing
Missiles
 g - 2 boomerangs
 s - 52 poisoned darts (quivered)
 A - 47 sling bullets
Armour
 a - a +0 robe (worn)
 l - the +0 pair of boots of the Boiling Point (worn) {MR+ Dex+2}
   (You acquired it on level 8 of the Dungeon)

   It affects your dexterity (+2).
   It affects your resistance to hostile enchantments.
 w - a +1 helmet (worn)
Jewellery
 n - a ring of protection from fire (left hand)
Wands
 r - a wand of flame (14)
 y - a wand of paralysis (7)
Scrolls
 e - 4 scrolls of remove curse
 f - a scroll of enchant armour
 j - 4 scrolls of teleportation
 m - a scroll of blinking
 o - 3 scrolls of identify
 x - a scroll of magic mapping
Potions
 c - 2 potions of heal wounds
 i - a potion of agility
 k - 4 potions of curing
Comestibles
 d - 13 rations


   Skills:
 + Level 3.4 Fighting
 + Level 3.6(3.9) Short Blades
 + Level 2.0(3.3) Long Blades
 + Level 3.8 Polearms
 + Level 5.2 Dodging
 + Level 6.7 Stealth
 * Level 6.8 Spellcasting
 + Level 5.4 Conjurations
 + Level 2.0 Hexes
 * Level 2.6 Charms
   Level 0.8 Summonings
 + Level 2.4 Translocations
 + Level 5.2 Fire Magic
 * Level 2.0 Ice Magic
 + Level 1.4 Air Magic
 + Level 1.4 Poison Magic
 + Level 4.8 Invocations


You had 9 spell levels left.
You knew the following spells:

 Your Spells              Type           Power        Failure   Level  Hunger
a - Ozocubu's Armour      Chrm/Ice       ###.....     9%          3    None
b - Blink                 Tloc           N/A          4%          2    None
c - Mephitic Cloud        Conj/Pois/Air  ###.....     8%          3    None
d - Magic Dart            Conj           ####         1%          1    None
f - Conjure Flame         Conj/Fire      ####....     2%          3    None
i - Corona                Hex            ###....      3%          1    None

Your spell library contained the following spells:

 Spells                   Type           Power        Failure   Level  Hunger
 Throw Frost              Conj/Ice       ####..       2%          2    None
 Confusing Touch          Hex            ###...       3%          1    None
 Freeze                   Ice            ###.         3%          1    None
 Slow                     Hex            ###.....     4%          2    None
 Inner Flame              Hex/Fire       ###.....     5%          3    None
 Call Imp                 Summ           ##......     9%          2    None
 Gell's Gravitas          Tloc           ###.......   9%          3    None
 Confuse                  Hex            ###.....     10%         3    None
 Portal Projectile        Hex/Tloc       ###...       10%         3    None
 Throw Icicle             Conj/Ice       ####....     17%         4    ###....
 Cause Fear               Hex            ###.......   32%         4    ###....
 Summon Ice Beast         Ice/Summ       ##......     38%         4    ###....
 Leda's Liquefaction      Hex/Erth       ##........   45%         4    ###....
 Petrify                  Tmut/Erth      #.......     61%         4    ###....
 Metabolic Englaciation   Hex/Ice        ###.......   67%         5    #####..
 Yara's Violent Unravell  Hex/Tmut       ##........   82%         5    #####..


Dungeon Overview and Level Annotations

Branches:
Dungeon (13/15)            Temple (1/1) D:4            Lair (1/6) D:9
    Orc: D:9-12      Vaults: D:13-14

Altars:
Ashenzari
Cheibriados
Dithmenos
Elyvilon
Fedhas
Gozag
Hepliaklqana
Kikubaaqudgha
Makhleb
Nemelex Xobeh
Okawaru
Qazlal
Ru
Sif Muna
Trog
Uskayaw
Vehumet
Wu Jian
Xom
Yredelemnul
Zin
The Shining One

Shops:
D:4 *

Annotations:
D:2 Terence
D:7 1 runed translucent door


Innate Abilities, Weirdness & Mutations

You are resistant to damage.
You can heal yourself by infusing magical energy.
You passively map the area around you.
You do not regenerate.


Message History

You are healed.
You feel somewhat more hungry.
Casting: Conjure Flame (safe; 2% risk of failure)
Confirm with . or Enter, or press ? or * to list all spells.
Aiming: Conjure Flame (safe; 2% risk of failure)
Press: ? - help, Dir - move target cursor, p - gargoyle The fire ignites!
The sentinel's mark upon you fades away.
You are healed.
You feel somewhat more hungry.
The gargoyle hurls a stone arrow at you.
The stone arrow hits you!!
* * * LOW HITPOINT WARNING * * *
You are healed.
You feel somewhat more hungry.
You are healed.
You are feeling very hungry.
The gargoyle hurls a stone arrow at you.
The stone arrow misses you.
You are healed.
You feel somewhat more hungry.
The gargoyle hurls a stone arrow at you.
The stone arrow hits you!!
You die...

# #.# *, ....(..# *
≈##.######.##..(.# *,
≈≈#......K.≈#...(#
≈≈#....#≈≈.≈≈....# *,
≈≈#....≈≈≈.≈≈≈##(# ≈
#....≈≈≈.≈≈≈≈#(#
≈≈#....≈≈≈.≈≈≈##(# *
≈≈#....#≈≈.≈≈# #.# ** #
...........≈# #@# ,...
###....###≈#####§#..... *
................9....... *
≈≈≈#############.#.....#*,
≈≈≈ , ,.....$... ≈;≈≈ * **
* #.#.#####, * ≈≈≈≈ ,
#....., * . , , * #.) .).,
≈≈≈ #...,...,,


You could see a gargoyle.

Vanquished Creatures
  Sonja (D:12)
  A cyclops (D:12)
  Joseph (D:8)
  A hornet (D:9)
  A troll (D:12)
  3 hippogriffs
  A spriggan (D:7)
  Eustachio (D:6)
  A wyvern (D:8)
  4 orc warriors
  2 sky beasts
  2 ice beasts (D:5)
  A black bear (D:8)
  2 phantoms
  2 ogres
  11 centaurs
  A crocodile (D:13)
  2 bullfrogs
  A gnoll sergeant (D:8)
  A water moccasin zombie (D:9)
  A wyvern skeleton (D:6)
  A scorpion (D:6)
  12 killer bees
  10 wights
  3 howler monkeys
  3 crimson imps
  A bullfrog zombie (D:5)
  A centaur zombie (D:7)
  4 hounds
  7 orc priests
  2 centaur skeletons
  Ijyb (D:5)
  2 iguanas
  8 worker ants
  8 orc wizards
  A mummy (D:5)
  A hound zombie (D:5)
  A hound skeleton (D:6)
  5 gnolls (D:9)
  A howler monkey skeleton (D:10)
  9 adders
  A shadow imp (D:6)
  A white imp (D:13)
  2 worms
  2 dart slugs
  7 leopard geckos
  35 orcs
  7 bats
  6 giant cockroaches
  8 goblins
  7 hobgoblins
  7 jackals
  3 kobolds
  5 quokkas
  A ball python (D:1)
  5 frilled lizards
  2 jackal skeletons (D:4)
  A leopard gecko skeleton (D:5)
  9 rats
231 creatures vanquished.

Notes
Turn   | Place    | Note
-------+----------+-------------------------------------------
     0 | D:1      | Esekla the Deep Dwarf Wizard began the quest for the Orb.
     0 | D:1      | Reached XP level 1. HP: 15/15 MP: 4/4
   196 | D:1      | Reached skill level 1 in Conjurations
   361 | D:1      | Reached XP level 2. HP: 22/22 MP: 4/6
   368 | D:1      | Learned a level 2 spell: Blink
   513 | D:2      | Found a shadowy altar of Dithmenos.
   640 | D:2      | Reached XP level 3. HP: 17/28 MP: 7/7
   645 | D:2      | Learned a level 3 spell: Conjure Flame
  1179 | D:2      | Found an ancient bone altar of Kikubaaqudgha.
  1620 | D:4      | Found a staircase to the Ecumenical Temple.
  1629 | D:4      | Reached XP level 4. HP: 33/37 MP: 9/9
  1640 | D:4      | Learned a level 3 spell: Mephitic Cloud
  1668 | Temple   | Entered the Ecumenical Temple
  1899 | Temple   | Became a worshipper of Elyvilon the Healer
  2074 | D:3      | Reached XP level 5. HP: 16/43 MP: 6/11
  2131 | D:2      | Noticed Terence
  2421 | D:2      | Reached skill level 1 in Short Blades
  2462 | D:2      | Found an iron altar of Okawaru.
  2889 | D:2      | Reached * piety under Elyvilon
  3073 | D:4      | Found Efusost's General Store.
  3278 | D:4      | Reached XP level 6. HP: 17/50 MP: 12/12
  3639 | D:4      | Reached skill level 1 in Fighting
  3696 | D:5      | Entered Level 5 of the Dungeon
  3778 | D:5      | Noticed Ijyb
  3814 | D:5      | Killed Ijyb
  3884 | D:5      | Found a snail-covered altar of Cheibriados.
  3886 | D:5      | Reached ** piety under Elyvilon
  3979 | D:5      | Reached skill level 1 in Fire Magic
  4062 | D:5      | Reached XP level 7. HP: 52/57 MP: 13/13
  4162 | D:4      | Found a hide-covered altar of Uskayaw.
  4390 | D:5      | Reached skill level 1 in Invocations
  4834 | D:5      | Reached skill level 1 in Polearms
  5124 | D:6      | Reached XP level 8. HP: 60/64 MP: 15/15
  5232 | D:6      | Reached skill level 5 in Stealth
  5574 | D:6      | Reached skill level 5 in Spellcasting
  5594 | D:7      | Noticed a hippogriff
  5601 | D:7      | Killed a hippogriff
  5620 | D:7      | Found a white marble altar of Elyvilon.
  5620 | D:7      | Noticed an angel
  5621 | D:7      | Found a runed translucent door.
  5666 | D:6      | HP: 1/67 [orc/+0 whip (5)]
  6158 | D:6      | Noticed Eustachio
  6174 | D:6      | Killed Eustachio
  6174 | D:6      | Gained mutation: You passively map the area around you.
                  | [Deep Dwarf growth]
  6174 | D:6      | Reached XP level 9. HP: 56/73 MP: 15/17
  6233 | D:6      | Found a hazy altar of Hepliaklqana.
  6485 | D:6      | Reached skill level 1 in Poison Magic
  6587 | D:6      | Reached skill level 1 in Air Magic
  7713 | D:8      | Noticed Psyche
  7834 | D:8      | Noticed Joseph
  7886 | D:8      | Found a sparkling altar of Nemelex Xobeh.
  7888 | D:8      | Found a burning altar of Makhleb.
  7888 | D:8      | Found a shimmering altar of Xom.
  8237 | D:8      | Learned a level 1 spell: Corona
  8237 | D:8      | Found a stormy altar of Qazlal.
  8505 | D:8      | Killed Joseph
  8634 | D:8      | Identified a scroll of acquirement
  8637 | D:8      | Got an ichor-stained quick blade
  8638 | D:8      | Identified the +1 quick blade of the Feather {holy, +Rage
                  | rF+++ MP+9 Dex-3} (You acquired it on level 8 of the
                  | Dungeon)
  8657 | D:8      | Reached XP level 10. HP: 81/84 MP: 15/19
  8833 | D:9      | Reached skill level 1 in Hexes
  9103 | D:8      | Reached skill level 5 in Fire Magic
  9350 | D:8      | Reached skill level 5 in Conjurations
  9516 | D:9      | Reached skill level 1 in Long Blades
  9961 | D:8      | Learned a level 3 spell: Ozocubu's Armour
 10139 | D:8      | Got a pair of crude boots
 10150 | D:8      | Identified the +0 pair of boots of the Boiling Point {MR+
                  | Dex+2} (You acquired it on level 8 of the Dungeon)
 10172 | D:9      | Reached skill level 5 in Dodging
 10172 | D:9      | Reached skill level 1 in Charms
 10349 | D:9      | Paralysed by a hornet for 3 turns
 10354 | D:9      | HP: 3/84 [hornet (13)]
 10538 | D:9      | Found a staircase to the Lair.
 10618 | D:9      | Found a blossoming altar of Fedhas.
 10821 | Lair:1   | Entered Level 1 of the Lair of Beasts
 10842 | D:10     | Entered Level 10 of the Dungeon
 10856 | D:10     | Reached skill level 1 in Ice Magic
 10898 | D:10     | You fall into a shaft and drop 3 floors!
 10927 | D:13     | Noticed a cyclops
 11085 | D:12     | Noticed Sonja
 11106 | D:12     | Noticed a cyclops
 11110 | D:12     | Killed Sonja
 11118 | D:12     | Noticed a gargoyle
 11127 | D:12     | Killed a cyclops
 11137 | D:12     | Killed from afar by a gargoyle

Levels and vault maps discovered:
D:1:      nzn_arrival_settlement, layout_basic, serial_rivers,
          chequers_serial_rivers_large_a, chequers_serial_rivers_micro_e,
          chequers_serial_rivers_large_b, chequers_serial_rivers_small_a,
          chequers_serial_rivers_small_3
D:2:      layout_basic, kiku_gazebo_pond_becter,
          nicolae_dithmenos_shadow_blocks, okawaru_trees_1, uniq_terence
D:3:      layout_loops_ring, minivault_19, chequers_avenue
D:4:      layout_layer_cave, old_standard_altar, minmay_temple_entry_offerings,
          serial_shops, shop, first_ration, minmay_crystal_room, minmay_vboxes
D:5:      layout_basic, slow_altar_1, minmay_circle_x, uniq_ijyb
D:6:      layout_loops_corners, lemuel_doored_altar, uniq_eustachio
D:7:      layout_loops_cross, the_bakery, lemuel_angel_altar
D:8:      layout_loops_ring, chequers_temple_overflow_statue_of_worship,
          minmay_holes, grunt_qazlal_clouds, uniq_psyche, uniq_joseph
D:9:      layout_cave_pools, lair_entry_dummy, basic_altar
D:10:     layout_basic, uniq_fannar
D:12:     layout_basic, basic_altar, uniq_sonja
D:13:     layout_loops_ring, hangedman_vaults_entry_quadrant_bands, serial_ice,
          serial_ice_j, serial_ice_g, serial_ice_d, serial_ice_h, serial_ice_c,
          serial_ice_b, serial_ice_e, serial_ice_n, serial_ice_f, serial_ice_o,
          portal_ice_cave_rime, drop_trap, uniq_urug
Temple:   nicolae_temple_figure_eight
Lair:1:   layout_regular_city, nzn_random_ring, grunt_megastairs_3,
          infiniplex_staircase_pool_2

Skill      XL: |  1  2  3  4  5  6  7  8  9 10 |
---------------+-------------------------------+-----
Conjurations   | 1 2 3 4 5 |  5.4
Spellcasting   | 3 4 5 6 |  6.8
Stealth        | 3 4 5 6 |  6.7
Short Blades   | 1 2 3 |  3.6
Dodging        | 3 4 5 |  5.2
Fighting       | 1 2 3 |  3.4
Fire Magic     | 1 2 3 4 5 |  5.2
Invocations    | 1 3 4 |  4.8
Polearms       | 1 2 3 |  3.8
Poison Magic   | 1 |  1.4
Air Magic      | 1 |  1.4
Translocations | 2 |  2.4
Hexes          | 2 |  2.0
Long Blades    | 2 |  2.0
Charms         | 2 |  2.6
Ice Magic      | 2 |  2.0
Summonings     | |  0.8

Action                   |  1- 3 |  4- 6 |  7- 9 | 10-12 || total
-------------------------+-------+-------+-------+-------++-------
Melee: Dagger            |   121 |   164 |   336 |    91 ||   712
       Trident           |       |    11 |   156 |    70 ||   237
       Long sword        |       |       |       |    30 ||    30
       Scimitar          |       |       |       |    24 ||    24
       Quick blade       |       |       |       |     1 ||     1
Throw: Dart              |       |       |    11 |    23 ||    34
       Boomerang         |       |       |       |     5 ||     5
 Cast: Magic Dart        |    17 |     1 |    32 |    18 ||    68
       Mephitic Cloud    |       |     2 |    22 |    15 ||    39
       Blink             |       |     1 |    17 |    11 ||    29
       Conjure Flame     |       |     2 |    26 |    10 ||    38
       Corona            |       |       |     1 |     5 ||     6
       Ozocubu's Armour  |       |       |       |     2 ||     2
Invok: Lesser Healing    |       |    13 |    97 |    62 ||   172
  Use: Scroll            |     4 |     2 |    10 |     4 ||    20
       Potion            |     1 |     2 |       |     7 ||    10
 Stab: Sleeping          |     8 |     3 |     5 |     3 ||    19
       Confused          |       |       |    11 |     6 ||    17
  Eat: Chunk             |     2 |    11 |    20 |     3 ||    36
       Ration            |       |       |     3 |     4 ||     7
Armor: Robe              |    23 |    29 |    43 |    40 ||   135
       Skin              |       |       |       |   324 ||   324
Dodge: Dodged            |    72 |    87 |   205 |   187 ||   551
       Rpst.: Scimitar   |       |       |     4 |    11 ||    15
       Long sword        |       |       |       |    12 ||    12
